 Dungeon Crawl Stone Soup version 0.28-a0-580-ga2639ab843 (webtiles) character file.

Game seed: 3706509470406671253

221 jasper the Slasher (level 5, 0/37 HPs)
             Began as a Demonspawn Enchanter on Oct 2, 2021.
             Was a Follower of Cheibriados.
             Slain by an iguana (10 damage)
             ... on level 5 of the Dungeon.
             The game lasted 00:07:36 (5759 turns).

jasper the Slasher (Demonspawn Enchanter)           Turns: 5759, Time: 00:07:37

Health: 0/37       AC:  5    Str: 11    XL:     5   Next: 65%
Magic:  17/17      EV: 12    Int: 20    God:    Cheibriados [*.....]
Gold:   166        SH:  0    Dex: 17    Spells: 1/8 levels left

rFire   . . .      SeeInvis .   m - +1 long sword (vorpal)
rCold   . . .      Faith    .   (no shield)
rNeg    + . .      Spirit   .   n - +1 leather armour
rPois   .          Reflect  .   (helmet restricted)
rElec   .          Harm     .   v - +0 cloak
rCorr   .          Rampage  .   (no gloves)
Will    .....                   (no boots)
Stlth   ++........              (no amulet)
HPRegen 0.12/turn               r - ring of positive energy
MPRegen 0.15/turn               j - ring of magical power

@: about to teleport, very slow
A: horns 1
a: Renounce Religion, Bend Time


You were on level 5 of the Dungeon.
You worshipped Cheibriados.
Cheibriados was aware of your devotion.
You visited 1 branch of the dungeon, and saw 5 of its levels.

You collected 166 gold pieces.

Inventory:

Hand Weapons
 a - a +1 dagger
 d - a +0 triple crossbow
 g - a +0 short sword
 m - a +1 vorpal long sword (weapon)
Missiles
 f - 83 sling bullets
 h - 86 stones
 k - a bolt
 t - 3 boomerangs (quivered)
Armour
 b - a +0 robe
 e - a +0 tower shield
 n - a +1 leather armour (worn)
 o - a +0 scale mail
 v - a +0 cloak (worn)
Jewellery
 j - a ring of magical power (right hand)
 r - a ring of positive energy (left hand)
Wands
 u - a wand of polymorph (11)
Scrolls
 s - 2 scrolls of enchant weapon
Potions
 l - a potion of brilliance
 p - a potion of flight
 q - a potion of magic


   Skills:
 - Level 1.6 Fighting
 - Level 0.8(2.6) Short Blades
 + Level 3.9(4.0) Long Blades
 - Level 1.4 Armour
 - Level 2.4 Dodging
 - Level 2.6 Stealth
 - Level 2.0 Spellcasting
 - Level 3.0 Hexes


You had one spell level left.
You knew the following spells:

 Your Spells              Type           Power      Damage    Failure   Level
a - Confusing Touch       Hex            14%        N/A       19%         3
b - Tukima's Dance        Hex            14%        N/A       19%         3
c - Animate Skeleton      Necr           4%         N/A       21%         1

Your spell library contained the following spells:

 Spells                   Type           Power      Damage    Failure   Level
 Pain                     Necr           8%         1d4       21%         1
 Ensorcelled Hibernation  Hex/Ice        16%        N/A       17%         2
 Dazzling Flash           Conj/Hex       16%        N/A       32%         3
 Vampiric Draining        Necr           1%         2d6       52%         3
 Agony                    Necr           2%         N/A       99%         5
 Excruciating Wounds      Necr           1%         N/A       99%         5


Dungeon Overview and Level Annotations

Branches:
Dungeon (5/15)
 Temple: D:4-7

Altars:
Cheibriados
Fedhas
Hepliaklqana
Vehumet
Yredelemnul
Zin

Annotations:
D:3 exclusion: statue
D:4 exclusion: scorpion


Innate Abilities, Weirdness & Mutations

You have a pair of small horns on your head.


Message History

Throw: 3 boomerangs
Press: ? - help, Q - select action, (/) - cycle Shift-Dir - straight line, f/p - iguana
Aim: an iguana (63% to hit)
You throw a boomerang.
The boomerang closely misses the iguana.
You barely miss the iguana. Your headbutt misses the iguana.
An orc comes into view.
It is wielding a +2 morningstar of protection.
The iguana barely misses you.
You closely miss the iguana.
The orc shouts!
You hear a shout!
An orc comes into view. It is wielding a +0 trident.
The iguana bites you!
You hear a shout! x2
You take 10 damage, and have 27/37 hp.
MASSIVE DAMAGE!!
The orc shouts!
You hit the iguana but do no damage.
You hear a shout!
The iguana barely misses you.
Okay, then.
As you read the scroll labelled LEGEIN ZESM, it crumbles to dust.
It is a scroll of brand weapon.
Your +1 long sword emits a brilliant flash of light!
m - a +1 vorpal long sword (weapon)
The iguana completely misses you.
You hit the iguana. Your headbutt misses the iguana.
The iguana is heavily wounded.
The iguana closely misses you.
You closely miss the iguana.
The iguana is heavily wounded.
The iguana bites you.
An orc comes into view. It is wielding a +0 war axe.
The iguana bites you!
* * * LOW HITPOINT WARNING * * *
You take 18 damage, and have 10/37 hp.
MASSIVE DAMAGE!!
Okay, then.
As you read the scroll of teleportation, it crumbles to dust.
You feel strangely unstable.
An orc comes into view. It is wielding a +0 short sword.
The iguana bites you!
You die...

##..####.......#
##.# #.......#
#.# ####.####
#.# #.# #.# #.#
#.# #.# #.###
#.# #...# ###@#
#l# #o# #o# #o.


oo$ )#. . .# You could see an iguana and 5 orcs.

Vanquished Creatures
  A hound zombie (D:5)
  A mummy (D:3)
  7 adders
  A shadow imp (D:5)
  An adder skeleton (D:4)
  An adder zombie (D:5)
  4 worms
  2 dart slugs
  13 orcs
  5 ball pythons
  8 endoplasms
  3 giant cockroaches
  7 goblins
  8 hobgoblins
  3 jackals (D:1)
  4 quokkas (D:2)
  3 bats
  9 frilled lizards
  6 kobolds
  4 rats
91 creatures vanquished.

Vanquished Creatures (others)
  10 plants (D:3)
10 creatures vanquished.

Grand Total: 101 creatures vanquished

Notes
Turn   | Place    | Note
-------+----------+-------------------------------------------
     0 | D:1      | jasper the Demonspawn Enchanter began the quest for the
                  | Orb.
     0 | D:1      | Reached XP level 1. HP: 13/13 MP: 3/3
   257 | D:1      | Found a faded altar of an unknown god.
   278 | D:1      | Reached skill level 1 in Long Blades
   364 | D:1      | Gained mutation: You have a pair of small horns on your
                  | head. [demonic ancestry]
   364 | D:1      | Reached XP level 2. HP: 16/19 MP: 5/5
  1199 | D:2      | Reached XP level 3. HP: 24/24 MP: 6/6
  1216 | D:2      | Found a blossoming altar of Fedhas.
  2380 | D:3      | Reached skill level 1 in Fighting
  2384 | D:3      | Reached XP level 4. HP: 25/32 MP: 7/7
  2467 | D:3      | Found a blossoming altar of Fedhas.
  2486 | D:3      | Reached skill level 1 in Armour
  3146 | D:3      | Found a snail-covered altar of Cheibriados.
  3163 | D:3      | Became a worshipper of Cheibriados the Contemplative
  3225 | D:3      | Learned a level 3 spell: Confusing Touch
  3229 | D:3      | Learned a level 3 spell: Tukima's Dance
  3231 | D:3      | Learned a level 1 spell: Animate Skeleton
  3534 | D:3      | Found a basalt altar of Yredelemnul.
  3563 | D:3      | Found a radiant altar of Vehumet.
  3563 | D:3      | Noticed a charred statue
  4001 | D:4      | HP: 1/32 [orc (6)]
  4173 | D:4      | Noticed a scorpion
  4453 | D:4      | Reached * piety under Cheibriados
  4547 | D:4      | Reached XP level 5. HP: 32/37 MP: 8/8
  4905 | D:4      | Found a hazy altar of Hepliaklqana.
  5253 | D:5      | Entered Level 5 of the Dungeon
  5759 | D:5      | Slain by an iguana

Illustrated notes

Levels and vault maps discovered:
D:1:      dpeg_arrival_leaves_temple_mockup, layout_rooms,
          shapermc_ecumenical_altar_mp_ritualfount
D:2:      layout_loops_corners, basic_altar
D:3:      layout_loops_ring, vehumet_statue, slow_altar_1,
          yredelemnul_altar_generic, fedhas_altar_2,
          mainiacjoe_overflow_six_doors_small, st_stairs_6, minmay_door_square,
          dk_noncrumbling_2, minmay_curled_crystal, minmay_misc_feat_square,
          minmay_lizard_king
D:4:      layout_gridville, mainiacjoe_overflow_alcove_1
D:5:      layout_loops_ring, portal_sewer_entry_c

Skill      XL: |  1  2  3  4 |
---------------+-------------+-----
Long Blades    | 1 2 3 |  3.9
Dodging        | 2 |  2.4
Fighting       | 1 |  1.6
Armour         | 1 |  1.4
Short Blades   | |  0.8
Stealth        | |  2.6
Spellcasting   | |  2.0
Hexes          | |  3.0

Action                   |  1- 3 |  4- 6 || total
-------------------------+-------+-------++-------
Melee: Dagger            |     7 |       ||     7
       Short sword       |     2 |       ||     2
       Long sword        |    35 |   164 ||   199
       Headbutt          |     1 |    15 ||    16
 Fire: Triple crossbow   |    61 |     2 ||    63
Throw: Stone             |       |    73 ||    73
       Boomerang         |       |    26 ||    26
  Use: Scroll            |     4 |     7 ||    11
       Potion            |       |     3 ||     3
 Stab: Sleeping          |     1 |     2 ||     3
       Invisible         |       |     1 ||     1
Armor: Robe              |     8 |       ||     8
       Leather armour    |    16 |    43 ||    59
Dodge: Dodged            |    34 |   112 ||   146

Table legend: (Time is in decaauts)
 A = Elapsed time spent in this place.
 B = Non-inter-level travel time spent in this place.
 C = Inter-level travel time spent in this place.
 D = Time resting spent in this place.
 E = Time spent auto-exploring this place.
 F = Levels seen in this place.
 G = Mean time per level.
                   A        B        C        D        E       F      G
               +--------+--------+--------+--------+--------+-----+--------+
         Total |   6387 |   6207 |    180 |    939 |   4216 |   5 | 1277.4 |
       Dungeon |   6387 |   6207 |    180 |    939 |   4216 |   5 | 1277.4 |
               +--------+--------+--------+--------+--------+-----+--------+

Top non-repeatable levels by time:
     D:4: 1692 daAuts
     D:3: 1632 daAuts
     D:2: 1399 daAuts
     D:1: 1044 daAuts
     D:5: 619 daAuts
